[ AOE2 MATCH · #488291383 ]
UnrankedLithuanians vs Teutons
Player's team · LOSS
[ REPLAY ANALYSIS · EXTRACTED FROM THE RECORDED GAME ]
Feudal
8:29
Castle
22:15
Imperial
36:16
| APM avg | 44.1 |
| APM peak | 111 |
| eAPM avg | 37.8 |
| Villagers / military | 167 / 403 |
Focus
⚔️ 32.7% · 🌾 67.3%
Spearman ×332 · Scout Cavalry ×64 · Trebuchet (Packed) ×3 · Mangonel ×2 · Knight ×1 · Militia ×1
Feudal
10:16
Castle
15:13
Imperial
32:50
| APM avg | 18.7 |
| APM peak | 62 |
| eAPM avg | 13.7 |
| Villagers / military | 162 / 174 |
Focus
⚔️ 26.6% · 🌾 73.4%
Scorpion ×81 · Spearman ×70 · Battering Ram ×8 · Boyar ×6 · Monk ×4 · Trebuchet (Packed) ×4
Feudal
10:23
Castle
15:31
Imperial
32:41
| APM avg | 21.2 |
| APM peak | 59 |
| eAPM avg | 15.3 |
| Villagers / military | 130 / 534 |
Focus
⚔️ 41.0% · 🌾 59.0%
Spearman ×376 · Knight ×140 · Unknown (1260) ×15 · Monk ×7 · Trebuchet (Packed) ×7 · Scout Cavalry ×4
Feudal
9:25
Castle
20:55
Imperial
41:20
| APM avg | 31.2 |
| APM peak | 59 |
| eAPM avg | 24.4 |
| Villagers / military | 190 / 158 |
Focus
⚔️ 26.8% · 🌾 73.2%
Fire Lancer ×155 · Iron Pagoda ×3
Feudal
11:29
Castle
19:11
Imperial
30:44
| APM avg | 24.3 |
| APM peak | 56 |
| eAPM avg | 13.2 |
| Villagers / military | 103 / 120 |
Focus
⚔️ 38.7% · 🌾 61.3%
Genoese Crossbowman ×111 · Trebuchet (Packed) ×6 · Petard ×2 · Battering Ram ×1
Feudal
11:17
Castle
14:29
Imperial
28:58
| APM avg | 51.4 |
| APM peak | 123 |
| eAPM avg | 32.0 |
| Villagers / military | 186 / 242 |
Focus
⚔️ 45.9% · 🌾 54.1%
Ballista Elephant ×160 · Scout Cavalry ×60 · Trebuchet (Packed) ×17 · Monk ×5
Feudal
10:01
Castle
22:59
Imperial
34:13
| APM avg | 43.4 |
| APM peak | 83 |
| eAPM avg | 33.4 |
| Villagers / military | 192 / 99 |
Focus
⚔️ 18.3% · 🌾 81.7%
Iron Pagoda ×84 · Trebuchet (Packed) ×10 · Fire Lancer ×3 · Scorpion ×1 · Battering Ram ×1
Feudal
8:56
Castle
20:11
Imperial
31:18
| APM avg | 46.0 |
| APM peak | 116 |
| eAPM avg | 20.4 |
| Villagers / military | 143 / 284 |
Focus
⚔️ 33.6% · 🌾 66.4%
Knight ×154 · Steppe Lancer ×70 · Scout Cavalry ×60 · Trade Cart ×2
Match map
Initial resources + every placement click. Lines = walls · curves = elevation contours. ◆ gold · ⬟ stone · ● berries · ✦ relic · ◌ wall gap
Your base· ✓ Closed at 22:15 · 6t walls · 2 gate(s)
CTM | Franco*'s base· ✓ Closed at 15:13 · 0t walls · 2 gate(s)
Don Tani's base· ✓ Closed at 15:31 · 0t walls · 2 gate(s)
PSX | King's base· ✓ Closed at 20:55 · 5t walls · 3 gate(s)
Julio Argentino Roca's base· ✓ Closed at 19:11 · 0t walls · 2 gate(s)
CTM | Benja FC's base· ✓ Closed at 14:29 · 0t walls · 2 gate(s)
Pat Morita's base· ✓ Closed at 22:59 · 5t walls · 4 gate(s)
Paladin Celta's base· ✓ Closed at 20:11 · 0t walls · 2 gate(s)
Smoothed initial terrain · ◌ = detected wall gap · hover for details
Inputs per minute
— CTM | Que paso perrito? - - CTM | Franco*
Build order — CTM | Que paso perrito?
First 150 of 737 actions detected
| 0:00 | Create | Villager (Male) |
| 0:01 | Create | Villager (Male) |
| 0:01 | Create | Villager (Male) |
| 0:01 | Create | Villager (Male) |
| 0:02 | Create | Villager (Male) |
| 0:03 | Build | House |
| 0:05 | Build | House |
| 0:41 | Create | Villager (Male) |
| 1:21 | Create | Villager (Male) |
| 1:21 | Create | Villager (Male) |
| 1:49 | Create | Villager (Male) |
| 2:11 | Build | Lumber Camp |
| 2:33 | Create | Villager (Male) |
| 2:46 | Create | Villager (Male) |
| 3:03 | Create | Villager (Male) |
| 3:07 | Build | House |
| 3:52 | Create | Villager (Male) |
| 3:53 | Create | Villager (Male) |
| 3:53 | Create | Villager (Male) |
| 5:08 | Build | Mining Camp |
| 5:13 | Research | Loom |
| 6:19 | Research | Feudal Age |
| 7:27 | Create | Villager (Male) |
| 7:28 | Create | Villager (Male) |
| 7:28 | Create | Villager (Male) |
| 8:29 | Age | Feudal Age |
| 8:33 | Build | Watch Tower |
| 8:42 | Build | Palisade Wall |
| 8:43 | Build | Palisade Wall |
| 8:45 | Build | Palisade Wall |
| 8:48 | Build | Palisade Wall |
| 9:08 | Build | Palisade Wall |
| 9:08 | Build | Palisade Wall |
| 9:20 | Create | Villager (Male) |
| 9:21 | Create | Villager (Male) |
| 10:46 | Create | Villager (Male) |
| 10:46 | Create | Villager (Male) |
| 11:41 | Create | Villager (Male) |
| 11:41 | Create | Villager (Male) |
| 11:41 | Create | Villager (Male) |
| 11:41 | Create | Villager (Male) |
| 11:41 | Create | Villager (Male) |
| 11:41 | Create | Villager (Male) |
| 11:41 | Create | Villager (Male) |
| 11:41 | Create | Villager (Male) |
| 11:42 | Create | Villager (Male) |
| 11:42 | Create | Villager (Male) |
| 11:42 | Create | Villager (Male) |
| 11:42 | Create | Villager (Male) |
| 11:42 | Create | Villager (Male) |
| 11:42 | Create | Villager (Male) |
| 11:42 | Create | Villager (Male) |
| 11:42 | Create | Villager (Male) |
| 11:42 | Create | Villager (Male) |
| 11:42 | Create | Villager (Male) |
| 11:42 | Create | Villager (Male) |
| 11:42 | Create | Villager (Male) |
| 11:42 | Create | Villager (Male) |
| 11:53 | Build | Mill |
| 12:14 | Build | Mill |
| 12:16 | Create | Villager (Male) |
| 12:17 | Create | Villager (Male) |
| 12:37 | Build | House |
| 13:00 | Create | Villager (Male) |
| 13:00 | Create | Villager (Male) |
| 13:24 | Create | Villager (Male) |
| 13:24 | Create | Villager (Male) |
| 13:44 | Build | Farm |
| 13:45 | Build | Farm |
| 13:45 | Build | Farm |
| 13:45 | Build | Farm |
| 13:45 | Build | Farm |
| 13:47 | Create | Villager (Male) |
| 14:20 | Create | Villager (Male) |
| 14:20 | Create | Villager (Male) |
| 14:21 | Create | Villager (Male) |
| 15:05 | Build | House |
| 15:07 | Build | House |
| 15:12 | Build | House |
| 16:00 | Create | Villager (Male) |
| 16:00 | Create | Villager (Male) |
| 16:03 | Research | Wheelbarrow |
| 16:59 | Create | Villager (Male) |
| 17:20 | Build | Market |
| 17:50 | Create | Villager (Male) |
| 18:40 | Create | Villager (Male) |
| 18:43 | Build | Blacksmith |
| 18:50 | Research | Double-Bit Axe |
| 19:35 | Research | Castle Age |
| 20:37 | Research | Town Watch |
| 20:40 | Research | Horse Collar |
| 20:57 | Build | Outpost |
| 21:02 | Build | Outpost |
| 21:13 | Build | House |
| 21:29 | Build | House |
| 21:31 | Build | House |
| 21:32 | Build | House |
| 21:52 | Create | Villager (Male) |
| 22:03 | Create | Villager (Male) |
| 22:04 | Create | Villager (Male) |
| 22:15 | Age | Castle Age |
| 22:21 | Build | Town Center |
| 22:25 | Build | Town Center |
| 22:40 | Create | Villager (Male) |
| 22:41 | Create | Villager (Male) |
| 22:46 | Create | Villager (Male) |
| 23:04 | Create | Villager (Male) |
| 23:26 | Create | Villager (Male) |
| 23:26 | Create | Villager (Male) |
| 23:27 | Create | Villager (Male) |
| 23:36 | Build | Farm |
| 23:37 | Create | Villager (Male) |
| 23:43 | Create | Villager (Male) |
| 23:43 | Create | Villager (Male) |
| 23:43 | Create | Villager (Male) |
| 23:44 | Create | Villager (Male) |
| 23:44 | Create | Villager (Male) |
| 23:45 | Create | Villager (Male) |
| 23:45 | Create | Villager (Male) |
| 23:45 | Create | Villager (Male) |
| 23:46 | Create | Villager (Male) |
| 24:13 | Build | Farm |
| 24:15 | Create | Villager (Male) |
| 24:15 | Create | Villager (Male) |
| 24:25 | Build | Town Center |
| 24:30 | Build | Farm |
| 24:32 | Create | Villager (Male) |
| 24:32 | Create | Villager (Male) |
| 24:51 | Build | Farm |
| 25:01 | Build | Farm |
| 25:14 | Create | Villager (Male) |
| 25:16 | Build | Farm |
| 25:18 | Create | Villager (Male) |
| 25:18 | Create | Villager (Male) |
| 25:20 | Create | Villager (Male) |
| 25:20 | Create | Villager (Male) |
| 25:32 | Create | Villager (Male) |
| 25:33 | Create | Villager (Male) |
| 25:43 | Build | Siege Workshop |
| 25:51 | Build | Farm |
| 25:52 | Create | Villager (Male) |
| 25:52 | Create | Villager (Male) |
| 25:53 | Create | Villager (Male) |
| 26:03 | Build | Castle |
| 26:12 | Build | Farm |
| 26:13 | Create | Villager (Male) |
| 26:14 | Create | Villager (Male) |
| 26:20 | Build | Farm |
| 26:20 | Build | Farm |
| 26:20 | Build | Farm |
Build order — CTM | Franco*
First 150 of 364 actions detected
| 0:02 | Create | Villager (Male) |
| 0:02 | Create | Villager (Male) |
| 0:02 | Create | Villager (Male) |
| 0:02 | Create | Villager (Male) |
| 0:05 | Build | House |
| 0:08 | Build | House |
| 1:30 | Create | Villager (Male) |
| 1:48 | Build | Lumber Camp |
| 2:03 | Create | Villager (Male) |
| 2:30 | Create | Villager (Male) |
| 3:05 | Create | Villager (Male) |
| 3:13 | Build | House |
| 3:14 | Build | House |
| 3:15 | Create | Villager (Male) |
| 3:56 | Create | Villager (Male) |
| 3:56 | Create | Villager (Male) |
| 4:11 | Create | Villager (Male) |
| 4:11 | Create | Villager (Male) |
| 4:49 | Create | Villager (Male) |
| 5:19 | Create | Villager (Male) |
| 5:20 | Create | Villager (Male) |
| 5:37 | Create | Villager (Male) |
| 6:05 | Create | Villager (Male) |
| 6:33 | Build | Mill |
| 6:40 | Create | Villager (Male) |
| 6:56 | Create | Villager (Male) |
| 7:47 | Build | Mining Camp |
| 8:04 | Research | Feudal Age |
| 10:06 | Research | Loom |
| 10:07 | Create | Villager (Male) |
| 10:08 | Create | Villager (Male) |
| 10:16 | Age | Feudal Age |
| 10:32 | Build | Market |
| 10:36 | Build | Blacksmith |
| 11:16 | Build | Farm |
| 11:19 | Build | Farm |
| 11:20 | Build | Farm |
| 11:46 | Build | Farm |
| 12:33 | Research | Castle Age |
| 12:55 | Build | House |
| 12:57 | Build | House |
| 13:23 | Research | Double-Bit Axe |
| 13:56 | Research | Horse Collar |
| 14:12 | Build | House |
| 14:37 | Research | Gold Mining |
| 14:50 | Build | Mining Camp |
| 15:13 | Age | Castle Age |
| 15:17 | Build | Monastery |
| 15:24 | Create | Villager (Male) |
| 15:25 | Create | Villager (Male) |
| 15:51 | Build | House |
| 15:52 | Build | House |
| 15:54 | Create | Villager (Male) |
| 15:59 | Create | Monk |
| 15:59 | Create | Monk |
| 16:17 | Build | Town Center |
| 16:22 | Create | Villager (Male) |
| 16:26 | Build | Farm |
| 16:27 | Build | Farm |
| 16:39 | Build | House |
| 16:40 | Build | House |
| 16:47 | Create | Villager (Male) |
| 16:52 | Create | Monk |
| 17:12 | Build | Town Center |
| 17:13 | Create | Villager (Male) |
| 17:39 | Create | Villager (Male) |
| 17:39 | Create | Villager (Male) |
| 18:13 | Build | House |
| 18:14 | Build | House |
| 18:16 | Build | House |
| 18:17 | Build | House |
| 18:18 | Build | House |
| 18:19 | Create | Villager (Male) |
| 18:19 | Create | Villager (Male) |
| 18:19 | Create | Villager (Male) |
| 18:37 | Create | Villager (Male) |
| 19:00 | Create | Villager (Male) |
| 19:00 | Create | Villager (Male) |
| 19:11 | Create | Villager (Male) |
| 19:17 | Build | Farm |
| 19:30 | Create | Villager (Male) |
| 19:39 | Build | Farm |
| 19:41 | Build | Farm |
| 19:42 | Build | Farm |
| 19:45 | Build | Farm |
| 19:54 | Create | Villager (Male) |
| 20:13 | Build | Farm |
| 20:21 | Create | Villager (Male) |
| 20:22 | Create | Villager (Male) |
| 20:23 | Create | Villager (Male) |
| 20:30 | Build | Farm |
| 20:31 | Build | Farm |
| 20:34 | Build | Farm |
| 20:36 | Build | Farm |
| 20:37 | Create | Villager (Male) |
| 20:40 | Build | House |
| 20:41 | Build | House |
| 20:42 | Build | House |
| 20:49 | Create | Villager (Male) |
| 20:53 | Build | Farm |
| 20:55 | Build | Farm |
| 20:59 | Build | Farm |
| 21:02 | Create | Villager (Male) |
| 21:03 | Create | Villager (Male) |
| 21:14 | Create | Villager (Male) |
| 21:25 | Build | Farm |
| 21:44 | Create | Villager (Male) |
| 21:45 | Create | Villager (Male) |
| 21:45 | Create | Villager (Male) |
| 21:46 | Create | Villager (Male) |
| 21:49 | Build | Farm |
| 21:50 | Create | Villager (Male) |
| 22:00 | Build | Farm |
| 22:03 | Build | Farm |
| 22:19 | Create | Villager (Male) |
| 22:19 | Create | Villager (Male) |
| 22:22 | Build | Farm |
| 22:27 | Build | Farm |
| 22:47 | Build | House |
| 22:48 | Build | House |
| 22:49 | Build | House |
| 22:50 | Build | House |
| 22:54 | Build | Farm |
| 23:00 | Create | Villager (Male) |
| 23:00 | Create | Villager (Male) |
| 23:01 | Create | Villager (Male) |
| 23:01 | Create | Villager (Male) |
| 23:01 | Create | Villager (Male) |
| 23:02 | Create | Villager (Male) |
| 23:07 | Build | Farm |
| 23:07 | Create | Villager (Male) |
| 23:08 | Create | Villager (Male) |
| 23:08 | Create | Villager (Male) |
| 23:09 | Create | Villager (Male) |
| 23:37 | Create | Villager (Male) |
| 23:38 | Create | Villager (Male) |
| 23:38 | Create | Villager (Male) |
| 23:38 | Create | Villager (Male) |
| 23:41 | Build | Farm |
| 23:47 | Build | Farm |
| 24:00 | Create | Villager (Male) |
| 24:00 | Create | Villager (Male) |
| 24:01 | Create | Villager (Male) |
| 24:01 | Create | Villager (Male) |
| 24:04 | Build | Farm |
| 24:08 | Build | Farm |
| 24:11 | Create | Villager (Male) |
| 24:11 | Create | Villager (Male) |
| 24:19 | Create | Villager (Male) |
| 24:29 | Build | Farm |
Build order — Don Tani
First 150 of 431 actions detected
| 0:01 | Create | Villager (Male) |
| 0:01 | Create | Villager (Male) |
| 0:02 | Create | Villager (Male) |
| 0:03 | Build | House |
| 0:04 | Build | House |
| 0:31 | Create | Villager (Male) |
| 1:22 | Create | Villager (Male) |
| 1:46 | Create | Villager (Male) |
| 1:51 | Build | Lumber Camp |
| 2:15 | Create | Villager (Male) |
| 2:54 | Create | Villager (Male) |
| 3:09 | Create | Villager (Male) |
| 3:49 | Create | Villager (Male) |
| 3:57 | Build | House |
| 4:09 | Create | Villager (Male) |
| 4:38 | Build | House |
| 4:45 | Create | Villager (Male) |
| 4:46 | Create | Villager (Male) |
| 4:54 | Build | House |
| 5:24 | Create | Villager (Male) |
| 5:24 | Create | Villager (Male) |
| 5:45 | Create | Villager (Male) |
| 5:50 | Build | Mill |
| 5:58 | Build | Mill |
| 6:13 | Create | Villager (Male) |
| 6:14 | Create | Villager (Male) |
| 6:15 | Create | Villager (Male) |
| 6:59 | Build | Mining Camp |
| 8:13 | Research | Feudal Age |
| 9:12 | Create | Villager (Male) |
| 10:23 | Age | Feudal Age |
| 10:37 | Create | Villager (Male) |
| 10:42 | Build | Market |
| 10:45 | Build | Blacksmith |
| 11:06 | Research | Loom |
| 11:49 | Create | Villager (Male) |
| 11:53 | Build | Farm |
| 11:58 | Build | Farm |
| 12:00 | Build | Farm |
| 12:02 | Build | Farm |
| 12:26 | Create | Villager (Male) |
| 12:50 | Research | Castle Age |
| 13:35 | Build | House |
| 14:30 | Build | House |
| 14:40 | Build | Barracks |
| 14:42 | Create | Villager (Male) |
| 14:43 | Create | Villager (Male) |
| 14:55 | Build | Farm |
| 14:58 | Build | Farm |
| 15:31 | Age | Castle Age |
| 15:41 | Build | Town Center |
| 15:47 | Build | Stable |
| 15:52 | Research | Double-Bit Axe |
| 15:54 | Research | Horse Collar |
| 16:06 | Create | Villager (Male) |
| 16:06 | Create | Villager (Male) |
| 16:26 | Research | Gold Mining |
| 16:36 | Create | Scout Cavalry |
| 16:37 | Create | Knight |
| 16:43 | Build | Monastery |
| 16:47 | Create | Villager (Male) |
| 16:47 | Create | Villager (Male) |
| 16:56 | Build | Farm |
| 16:59 | Build | Farm |
| 17:01 | Build | Farm |
| 17:19 | Build | House |
| 17:23 | Build | House |
| 17:27 | Create | Monk |
| 17:27 | Create | Monk |
| 17:30 | Create | Scout Cavalry |
| 17:46 | Create | Villager (Male) |
| 17:54 | Build | Farm |
| 17:56 | Build | Farm |
| 17:59 | Build | Farm |
| 18:03 | Create | Villager (Male) |
| 18:19 | Create | Monk |
| 18:20 | Create | Villager (Male) |
| 18:21 | Create | Villager (Male) |
| 18:23 | Build | House |
| 18:34 | Build | Farm |
| 18:44 | Build | Farm |
| 19:22 | Research | Scale Mail Armor |
| 19:25 | Research | Scale Barding Armor |
| 19:27 | Create | Villager (Male) |
| 19:31 | Build | House |
| 19:57 | Create | Villager (Male) |
| 19:57 | Create | Villager (Male) |
| 19:57 | Create | Villager (Male) |
| 20:13 | Research | Fervor |
| 20:24 | Create | Knight |
| 20:24 | Create | Knight |
| 20:26 | Create | Villager (Male) |
| 20:35 | Build | Farm |
| 20:38 | Build | Town Center |
| 20:41 | Build | Farm |
| 20:44 | Build | Farm |
| 20:48 | Build | Farm |
| 20:49 | Create | Villager (Male) |
| 20:49 | Create | Villager (Male) |
| 20:49 | Create | Villager (Male) |
| 20:50 | Create | Villager (Male) |
| 20:52 | Build | Farm |
| 20:56 | Build | Farm |
| 21:00 | Build | House |
| 21:17 | Create | Scout Cavalry |
| 21:31 | Research | Sanctity |
| 21:53 | Create | Villager (Male) |
| 21:53 | Create | Villager (Male) |
| 21:54 | Create | Scout Cavalry |
| 21:59 | Build | House |
| 22:10 | Create | Villager (Male) |
| 22:10 | Create | Villager (Male) |
| 22:11 | Create | Villager (Male) |
| 22:15 | Build | Farm |
| 22:16 | Build | Farm |
| 22:17 | Build | Farm |
| 22:18 | Build | Farm |
| 22:20 | Build | Farm |
| 22:23 | Create | Villager (Male) ×2 |
| 22:26 | Build | Farm |
| 22:32 | Build | University |
| 23:08 | Create | Villager (Male) ×5 |
| 23:19 | Build | House |
| 23:21 | Create | Knight |
| 24:00 | Create | Villager (Male) |
| 24:00 | Create | Villager (Male) |
| 24:00 | Create | Villager (Male) |
| 24:07 | Create | Villager (Male) |
| 24:07 | Create | Villager (Male) |
| 24:08 | Create | Villager (Male) |
| 24:10 | Build | House |
| 24:11 | Research | Wheelbarrow |
| 24:15 | Build | Farm |
| 24:17 | Build | Farm |
| 24:32 | Create | Villager (Male) |
| 24:32 | Create | Villager (Male) |
| 24:32 | Create | Villager (Male) |
| 24:56 | Research | Town Watch |
| 24:59 | Build | House |
| 25:08 | Build | House |
| 25:30 | Create | Villager (Male) |
| 25:30 | Create | Villager (Male) |
| 26:04 | Create | Villager (Male) |
| 26:04 | Create | Villager (Male) |
| 26:04 | Create | Villager (Male) |
| 26:11 | Build | Mill |
| 26:12 | Build | Farm |
| 26:12 | Build | Farm |
| 26:12 | Build | Farm |
| 26:12 | Build | Farm |
Build order — PSX | King
First 150 of 435 actions detected
| 0:01 | Create | Villager (Male) |
| 0:02 | Create | Villager (Male) |
| 0:03 | Build | House |
| 0:04 | Build | House |
| 0:07 | Create | Villager (Male) |
| 0:07 | Create | Villager (Male) |
| 1:22 | Create | Villager (Male) |
| 1:46 | Build | Lumber Camp |
| 1:54 | Create | Villager (Male) |
| 2:30 | Create | Villager (Male) |
| 2:44 | Create | Villager (Male) |
| 3:13 | Create | Villager (Male) |
| 3:15 | Build | House |
| 3:26 | Create | Villager (Male) |
| 3:53 | Create | Villager (Male) |
| 4:12 | Create | Villager (Male) |
| 4:31 | Create | Villager (Male) |
| 5:29 | Create | Villager (Male) |
| 5:29 | Create | Villager (Male) |
| 5:52 | Create | Villager (Male) |
| 5:58 | Build | Mill |
| 6:42 | Research | Loom |
| 7:15 | Research | Feudal Age |
| 7:31 | Create | Villager (Male) |
| 8:10 | Create | Villager (Male) |
| 8:28 | Build | House |
| 8:34 | Build | House |
| 8:48 | Build | Mining Camp |
| 9:10 | Build | House |
| 9:25 | Age | Feudal Age |
| 9:28 | Research | Double-Bit Axe |
| 9:35 | Build | Blacksmith |
| 9:37 | Build | House |
| 9:38 | Build | House |
| 9:45 | Create | Villager (Male) |
| 9:50 | Build | Watch Tower |
| 9:57 | Create | Villager (Male) |
| 10:16 | Create | Villager (Male) |
| 10:22 | Research | Fletching |
| 10:22 | Research | Fletching |
| 10:38 | Create | Villager (Male) |
| 10:45 | Create | Villager (Male) |
| 10:52 | Build | Farm |
| 10:52 | Build | Farm |
| 11:27 | Build | Farm |
| 11:28 | Create | Villager (Male) |
| 12:00 | Create | Villager (Male) |
| 12:10 | Build | Farm |
| 12:19 | Build | Watch Tower |
| 12:52 | Create | Villager (Male) |
| 13:10 | Create | Villager (Male) |
| 13:21 | Create | Villager (Male) |
| 13:29 | Create | Villager (Male) |
| 13:31 | Build | Farm |
| 13:32 | Build | Farm |
| 13:34 | Create | Villager (Male) |
| 14:01 | Create | Villager (Male) |
| 14:27 | Create | Villager (Male) |
| 14:37 | Build | Farm |
| 14:38 | Build | Farm |
| 14:55 | Create | Villager (Male) |
| 15:06 | Create | Villager (Male) |
| 15:49 | Build | Mining Camp |
| 15:51 | Build | House |
| 15:52 | Build | House |
| 16:03 | Create | Villager (Male) |
| 16:25 | Create | Villager (Male) |
| 16:32 | Build | Farm |
| 16:44 | Build | Market |
| 16:50 | Create | Villager (Male) |
| 17:04 | Create | Villager (Male) |
| 17:23 | Create | Villager (Male) |
| 17:46 | Build | Farm |
| 18:15 | Research | Castle Age |
| 18:42 | Create | Villager (Male) |
| 19:50 | Build | Watch Tower |
| 19:54 | Build | House |
| 19:55 | Build | Palisade Wall |
| 19:56 | Build | Palisade Wall |
| 19:59 | Build | Palisade Wall |
| 20:02 | Build | Palisade Wall |
| 20:09 | Create | Villager (Male) |
| 20:20 | Build | Palisade Wall |
| 20:21 | Build | Palisade Wall |
| 20:25 | Create | Villager (Male) |
| 20:55 | Age | Castle Age |
| 20:58 | Research | Bodkin Arrow |
| 21:02 | Build | University |
| 21:04 | Build | Lumber Camp |
| 21:05 | Create | Villager (Male) |
| 21:09 | Build | Watch Tower |
| 21:26 | Create | Villager (Male) |
| 21:35 | Research | Murder Holes |
| 22:00 | Build | Siege Workshop |
| 22:21 | Create | Villager (Male) |
| 22:34 | Research | Fortified Wall (upgrade) |
| 22:49 | Build | Farm |
| 22:54 | Build | House |
| 23:15 | Create | Iron Pagoda |
| 23:15 | Create | Iron Pagoda |
| 23:45 | Create | Villager (Male) |
| 23:45 | Create | Villager (Male) |
| 24:00 | Create | Villager (Male) |
| 24:04 | Build | Town Center |
| 24:13 | Research | Wheelbarrow |
| 24:41 | Build | Castle |
| 24:52 | Create | Villager (Male) |
| 24:53 | Create | Villager (Male) |
| 24:53 | Create | Villager (Male) |
| 24:58 | Build | Lumber Camp |
| 25:05 | Build | House |
| 25:07 | Create | Iron Pagoda |
| 25:21 | Create | Villager (Male) |
| 25:21 | Create | Villager (Male) |
| 25:25 | Build | Farm |
| 25:34 | Research | Horse Collar |
| 25:47 | Research | Town Watch |
| 25:49 | Research | Bow Saw |
| 25:50 | Create | Villager (Male) |
| 26:11 | Build | House |
| 26:12 | Build | House |
| 26:13 | Create | Villager (Male) |
| 26:19 | Create | Villager (Male) |
| 26:19 | Create | Villager (Male) |
| 26:32 | Create | Villager (Male) |
| 26:32 | Create | Villager (Male) |
| 26:45 | Build | House |
| 26:57 | Create | Villager (Male) |
| 26:59 | Build | Farm |
| 27:00 | Create | Villager (Male) |
| 27:02 | Build | Farm |
| 27:04 | Build | Farm |
| 27:07 | Build | Farm |
| 27:09 | Build | Farm |
| 27:12 | Build | Farm |
| 27:14 | Build | Farm |
| 27:16 | Build | Farm |
| 27:19 | Build | Farm |
| 27:20 | Create | Villager (Male) |
| 27:20 | Create | Villager (Male) |
| 27:29 | Build | House |
| 27:29 | Build | House |
| 27:31 | Build | House |
| 27:34 | Create | Villager (Male) |
| 27:40 | Build | Town Center |
| 27:54 | Create | Villager (Male) |
| 27:58 | Build | Farm |
| 28:00 | Build | Farm |
| 28:10 | Create | Villager (Male) |
| 28:17 | Create | Villager (Male) |
Build order — Julio Argentino Roca
First 150 of 313 actions detected
| 0:02 | Create | Villager (Male) |
| 0:02 | Create | Villager (Male) |
| 0:03 | Create | Villager (Male) |
| 0:03 | Create | Villager (Male) |
| 0:06 | Build | House |
| 0:08 | Build | House |
| 1:25 | Create | Villager (Male) |
| 1:49 | Build | Lumber Camp |
| 2:05 | Create | Villager (Male) |
| 2:20 | Create | Villager (Male) |
| 2:41 | Create | Villager (Male) |
| 2:41 | Create | Villager (Male) |
| 3:36 | Create | Villager (Male) |
| 3:58 | Create | Villager (Male) |
| 4:15 | Build | House |
| 4:16 | Build | House |
| 4:19 | Create | Villager (Male) |
| 4:34 | Build | Mill |
| 4:38 | Create | Villager (Male) |
| 4:39 | Create | Villager (Male) |
| 5:41 | Create | Villager (Male) |
| 5:41 | Create | Villager (Male) |
| 5:54 | Build | Mining Camp |
| 5:54 | Create | Villager (Male) |
| 5:55 | Create | Villager (Male) |
| 6:22 | Create | Villager (Male) |
| 6:33 | Build | House |
| 6:36 | Create | Villager (Male) |
| 7:13 | Create | Villager (Male) |
| 7:26 | Create | Villager (Male) |
| 8:18 | Build | Mill |
| 8:30 | Create | Villager (Male) |
| 9:05 | Build | Mining Camp |
| 9:19 | Research | Feudal Age |
| 9:55 | Research | Loom |
| 9:56 | Create | Villager (Male) |
| 10:13 | Build | House |
| 10:28 | Build | House |
| 10:55 | Build | Farm |
| 11:29 | Age | Feudal Age |
| 11:44 | Create | Villager (Male) |
| 12:11 | Build | Watch Tower |
| 13:11 | Build | Farm |
| 13:14 | Create | Villager (Male) |
| 13:19 | Build | Market |
| 13:37 | Create | Villager (Male) |
| 13:54 | Build | Blacksmith |
| 14:35 | Create | Villager (Male) |
| 15:08 | Build | Farm |
| 15:10 | Build | Farm |
| 15:19 | Create | Villager (Male) |
| 16:31 | Research | Castle Age |
| 16:38 | Build | Farm |
| 17:32 | Research | Fletching |
| 17:55 | Build | Farm |
| 19:11 | Age | Castle Age |
| 19:26 | Build | Castle |
| 20:10 | Build | Stone Wall |
| 20:42 | Create | Genoese Crossbowman |
| 20:43 | Create | Genoese Crossbowman |
| 20:55 | Build | Lumber Camp |
| 21:01 | Create | Villager (Male) |
| 21:07 | Create | Genoese Crossbowman |
| 21:14 | Build | Siege Workshop |
| 21:41 | Create | Villager (Male) |
| 21:49 | Create | Battering Ram |
| 21:51 | Create | Villager (Male) |
| 22:06 | Create | Villager (Male) |
| 22:13 | Build | Farm |
| 22:53 | Create | Villager (Male) |
| 22:54 | Create | Villager (Male) |
| 23:06 | Create | Genoese Crossbowman |
| 23:28 | Build | Farm |
| 23:30 | Build | Farm |
| 23:31 | Build | Farm |
| 23:33 | Build | Farm |
| 23:39 | Create | Villager (Male) |
| 24:07 | Create | Villager (Male) |
| 24:18 | Build | Mining Camp |
| 24:23 | Build | Farm |
| 24:28 | Create | Villager (Male) |
| 24:32 | Build | Lumber Camp |
| 25:03 | Create | Villager (Male) |
| 25:17 | Build | Farm |
| 25:33 | Create | Villager (Male) |
| 25:36 | Create | Villager (Male) |
| 25:46 | Create | Petard |
| 25:47 | Create | Petard |
| 26:12 | Build | Farm |
| 27:34 | Research | Imperial Age |
| 27:39 | Research | Double-Bit Axe |
| 27:41 | Research | Horse Collar |
| 27:43 | Create | Villager (Male) |
| 27:54 | Research | Bodkin Arrow |
| 27:56 | Create | Genoese Crossbowman |
| 27:58 | Create | Villager (Male) |
| 29:03 | Create | Genoese Crossbowman |
| 29:03 | Create | Genoese Crossbowman |
| 29:05 | Create | Villager (Male) |
| 29:05 | Create | Villager (Male) |
| 29:09 | Research | Bow Saw |
| 29:44 | Create | Villager (Male) |
| 29:48 | Create | Villager (Male) |
| 30:09 | Create | Genoese Crossbowman |
| 30:09 | Create | Villager (Male) |
| 30:10 | Create | Villager (Male) |
| 30:30 | Create | Genoese Crossbowman |
| 30:36 | Create | Villager (Male) |
| 30:36 | Create | Villager (Male) |
| 30:44 | Age | Imperial Age |
| 30:47 | Build | Mining Camp |
| 31:18 | Create | Genoese Crossbowman |
| 31:19 | Research | Bracer |
| 31:24 | Create | Villager (Male) |
| 31:37 | Create | Genoese Crossbowman |
| 32:02 | Create | Genoese Crossbowman |
| 32:30 | Create | Trebuchet (Packed) |
| 32:33 | Create | Villager (Male) |
| 32:33 | Create | Villager (Male) |
| 32:35 | Build | House |
| 32:40 | Build | House |
| 32:49 | Create | Genoese Crossbowman |
| 32:50 | Create | Genoese Crossbowman |
| 33:02 | Build | House |
| 33:21 | Research | Conscription |
| 33:26 | Create | Villager (Male) |
| 33:27 | Create | Villager (Male) |
| 33:27 | Create | Villager (Male) |
| 33:40 | Create | Villager (Male) |
| 33:58 | Create | Villager (Male) |
| 34:03 | Build | University |
| 34:11 | Create | Genoese Crossbowman |
| 34:11 | Create | Genoese Crossbowman |
| 34:57 | Create | Genoese Crossbowman |
| 34:58 | Create | Genoese Crossbowman |
| 35:09 | Research | Ballistics |
| 35:09 | Research | Chemistry |
| 35:11 | Create | Villager (Male) |
| 35:11 | Create | Villager (Male) |
| 35:15 | Create | Genoese Crossbowman |
| 35:15 | Create | Genoese Crossbowman |
| 35:28 | Create | Genoese Crossbowman |
| 35:29 | Create | Genoese Crossbowman |
| 35:30 | Create | Villager (Male) |
| 35:30 | Create | Villager (Male) |
| 36:03 | Create | Genoese Crossbowman |
| 36:04 | Create | Genoese Crossbowman |
| 36:07 | Create | Villager (Male) |
| 36:07 | Create | Villager (Male) |
| 36:13 | Build | House |
Build order — CTM | Benja FC
First 150 of 612 actions detected
| 0:03 | Create | Villager (Male) |
| 0:04 | Build | House |
| 0:05 | Build | House |
| 0:07 | Create | Villager (Male) |
| 0:12 | Create | Villager (Male) |
| 0:24 | Create | Villager (Male) |
| 1:31 | Create | Villager (Male) |
| 1:31 | Create | Villager (Male) |
| 1:32 | Create | Villager (Male) |
| 1:52 | Build | Lumber Camp |
| 2:05 | Create | Villager (Male) |
| 2:06 | Create | Villager (Male) |
| 2:06 | Create | Villager (Male) |
| 2:18 | Create | Villager (Male) |
| 2:18 | Create | Villager (Male) |
| 2:18 | Create | Villager (Male) |
| 3:03 | Build | House |
| 3:11 | Create | Villager (Male) |
| 3:12 | Create | Villager (Male) |
| 3:12 | Create | Villager (Male) |
| 3:13 | Create | Villager (Male) |
| 3:47 | Create | Villager (Male) |
| 3:48 | Create | Villager (Male) |
| 3:48 | Create | Villager (Male) |
| 3:49 | Create | Villager (Male) |
| 3:49 | Create | Villager (Male) |
| 4:52 | Create | Villager (Male) |
| 4:52 | Create | Villager (Male) |
| 4:53 | Create | Villager (Male) |
| 4:55 | Create | Villager (Male) |
| 4:56 | Create | Villager (Male) |
| 5:20 | Create | Villager (Male) |
| 5:39 | Build | House |
| 6:13 | Create | Villager (Male) |
| 6:40 | Build | Mill |
| 7:19 | Create | Villager (Male) |
| 7:34 | Build | House |
| 7:50 | Create | Villager (Male) |
| 8:12 | Create | Villager (Male) |
| 8:42 | Create | Villager (Male) |
| 8:49 | Research | Feudal Age |
| 11:17 | Age | Feudal Age |
| 11:33 | Build | Mining Camp |
| 11:49 | Research | Castle Age |
| 13:13 | Build | Farm |
| 13:15 | Build | Farm |
| 13:18 | Build | Farm |
| 13:21 | Research | Double-Bit Axe |
| 13:21 | Research | Double-Bit Axe |
| 13:22 | Research | Double-Bit Axe |
| 13:25 | Build | Farm |
| 13:52 | Create | Villager (Male) |
| 14:29 | Age | Castle Age |
| 14:31 | Build | Town Center |
| 14:34 | Create | Villager (Male) |
| 14:46 | Research | Horse Collar |
| 14:58 | Build | Farm |
| 15:10 | Create | Villager (Male) |
| 15:22 | Create | Villager (Male) |
| 15:32 | Build | Farm |
| 15:35 | Create | Villager (Male) |
| 15:36 | Create | Villager (Male) |
| 15:46 | Create | Villager (Male) |
| 15:53 | Build | Farm |
| 16:02 | Build | Farm |
| 16:13 | Create | Villager (Male) |
| 16:17 | Create | Villager (Male) |
| 16:20 | Build | Farm |
| 16:25 | Build | Farm |
| 16:35 | Build | Farm |
| 16:38 | Create | Villager (Male) |
| 16:45 | Build | Farm |
| 16:56 | Build | Farm |
| 16:57 | Create | Villager (Male) |
| 17:10 | Create | Villager (Male) |
| 17:10 | Create | Villager (Male) |
| 17:11 | Create | Villager (Male) |
| 17:13 | Build | House |
| 17:15 | Build | House |
| 17:22 | Create | Villager (Male) |
| 17:25 | Build | Farm |
| 17:30 | Build | Farm |
| 17:34 | Create | Villager (Male) |
| 17:35 | Create | Villager (Male) |
| 17:46 | Build | Farm |
| 17:47 | Create | Villager (Male) |
| 17:54 | Build | Farm |
| 17:57 | Create | Villager (Male) |
| 18:04 | Build | Farm |
| 18:08 | Create | Villager (Male) |
| 18:13 | Build | House |
| 18:17 | Create | Villager (Male) |
| 18:18 | Create | Villager (Male) |
| 18:24 | Build | Farm |
| 18:27 | Build | Farm |
| 18:28 | Create | Villager (Male) |
| 18:29 | Create | Villager (Male) |
| 18:49 | Research | Heavy Plow |
| 18:49 | Research | Heavy Plow |
| 18:50 | Research | Heavy Plow |
| 18:57 | Create | Villager (Male) |
| 18:57 | Create | Villager (Male) |
| 18:57 | Create | Villager (Male) |
| 19:03 | Build | Farm |
| 19:04 | Build | Farm |
| 19:13 | Create | Villager (Male) |
| 19:14 | Create | Villager (Male) |
| 19:26 | Build | Farm |
| 19:27 | Create | Villager (Male) |
| 19:28 | Create | Villager (Male) |
| 19:28 | Create | Villager (Male) |
| 19:31 | Build | Farm |
| 19:34 | Create | Villager (Male) |
| 19:34 | Create | Villager (Male) |
| 19:43 | Create | Villager (Male) |
| 19:52 | Build | Farm |
| 19:59 | Create | Villager (Male) |
| 20:00 | Create | Villager (Male) |
| 20:00 | Create | Villager (Male) |
| 20:01 | Create | Villager (Male) |
| 20:17 | Create | Villager (Male) |
| 20:18 | Create | Villager (Male) |
| 20:22 | Create | Villager (Male) |
| 20:23 | Create | Villager (Male) |
| 20:28 | Build | Town Center |
| 20:31 | Create | Villager (Male) |
| 20:32 | Create | Villager (Male) |
| 20:39 | Build | Farm |
| 20:41 | Create | Villager (Male) |
| 20:41 | Create | Villager (Male) |
| 20:57 | Create | Villager (Male) |
| 20:59 | Build | House |
| 21:00 | Build | House |
| 21:00 | Build | House |
| 21:01 | Build | House |
| 21:01 | Build | House |
| 21:07 | Research | Wheelbarrow |
| 21:14 | Create | Villager (Male) |
| 21:16 | Create | Villager (Male) |
| 21:18 | Create | Villager (Male) |
| 21:24 | Create | Villager (Male) |
| 21:27 | Build | Farm |
| 21:33 | Build | House |
| 21:34 | Build | House |
| 21:35 | Build | House |
| 21:35 | Build | House |
| 21:36 | Build | House |
| 21:36 | Build | House |
| 21:39 | Create | Villager (Male) |
| 21:50 | Research | Bow Saw |
Build order — Pat Morita
First 150 of 480 actions detected
| 0:04 | Research | Loom |
| 0:49 | Create | Villager (Male) |
| 0:49 | Create | Villager (Male) |
| 1:41 | Create | Villager (Male) |
| 1:41 | Create | Villager (Male) |
| 2:02 | Create | Villager (Male) |
| 2:15 | Build | Mill |
| 2:18 | Create | Villager (Male) |
| 2:18 | Create | Villager (Male) |
| 2:45 | Create | Villager (Male) |
| 2:45 | Create | Villager (Male) |
| 3:00 | Create | Villager (Male) |
| 3:36 | Create | Villager (Male) |
| 3:54 | Create | Villager (Male) |
| 3:54 | Create | Villager (Male) |
| 4:01 | Build | House |
| 4:03 | Create | Villager (Male) |
| 4:20 | Create | Villager (Male) |
| 4:21 | Create | Villager (Male) |
| 4:21 | Create | Villager (Male) |
| 5:09 | Build | House |
| 5:10 | Create | Villager (Male) |
| 5:10 | Create | Villager (Male) |
| 5:10 | Create | Villager (Male) |
| 5:28 | Create | Villager (Male) |
| 5:47 | Create | Villager (Male) |
| 5:48 | Create | Villager (Male) |
| 5:54 | Build | Lumber Camp |
| 6:01 | Create | Villager (Male) |
| 6:02 | Create | Villager (Male) |
| 6:35 | Create | Villager (Male) |
| 6:36 | Create | Villager (Male) |
| 7:39 | Build | Mill |
| 7:41 | Create | Villager (Male) |
| 7:51 | Research | Feudal Age |
| 7:51 | Research | Feudal Age |
| 8:19 | Create | Villager (Male) |
| 10:01 | Age | Feudal Age |
| 10:04 | Create | Villager (Male) |
| 10:04 | Create | Villager (Male) |
| 10:04 | Create | Villager (Male) |
| 10:05 | Create | Villager (Male) |
| 10:05 | Create | Villager (Male) |
| 10:05 | Create | Villager (Male) |
| 10:05 | Create | Villager (Male) |
| 10:05 | Create | Villager (Male) |
| 10:11 | Build | Watch Tower |
| 10:59 | Create | Villager (Male) |
| 10:59 | Create | Villager (Male) |
| 11:40 | Create | Villager (Male) |
| 11:47 | Build | Market |
| 11:49 | Build | House |
| 11:50 | Build | House |
| 12:11 | Create | Villager (Male) |
| 12:11 | Create | Villager (Male) |
| 12:24 | Create | Villager (Male) |
| 12:30 | Build | House |
| 12:43 | Build | House |
| 12:52 | Build | Palisade Wall |
| 12:58 | Build | Gate |
| 13:06 | Build | Barracks |
| 13:12 | Create | Villager (Male) |
| 13:12 | Create | Villager (Male) |
| 13:29 | Build | Farm |
| 13:31 | Build | Farm |
| 13:32 | Build | Farm |
| 13:37 | Build | Farm |
| 13:51 | Build | House |
| 13:56 | Create | Villager (Male) |
| 13:56 | Create | Villager (Male) |
| 13:56 | Create | Villager (Male) |
| 14:22 | Build | Farm |
| 14:47 | Build | Farm |
| 14:50 | Build | Farm |
| 15:11 | Build | Mining Camp |
| 15:23 | Research | Double-Bit Axe |
| 15:28 | Create | Villager (Male) |
| 15:35 | Research | Horse Collar |
| 15:35 | Research | Horse Collar |
| 15:35 | Create | Villager (Male) |
| 15:43 | Create | Villager (Male) |
| 15:43 | Create | Villager (Male) |
| 15:55 | Build | Farm |
| 16:05 | Create | Villager (Male) |
| 16:06 | Create | Villager (Male) |
| 16:09 | Build | Farm |
| 16:14 | Create | Villager (Male) |
| 16:44 | Build | Outpost |
| 16:54 | Build | Farm |
| 17:20 | Research | Town Watch |
| 17:26 | Build | Mining Camp |
| 17:30 | Build | House |
| 18:09 | Create | Villager (Male) |
| 18:17 | Create | Villager (Male) |
| 18:42 | Create | Villager (Male) |
| 18:57 | Build | Stone Wall |
| 19:44 | Create | Villager (Male) |
| 19:52 | Build | Blacksmith |
| 20:07 | Build | Outpost |
| 20:08 | Build | House |
| 20:19 | Research | Castle Age |
| 20:20 | Research | Castle Age |
| 20:40 | Research | Stone Mining |
| 21:19 | Build | Outpost |
| 21:40 | Build | Lumber Camp |
| 21:42 | Create | Villager (Male) |
| 21:42 | Create | Villager (Male) |
| 22:05 | Build | Outpost |
| 22:10 | Build | Outpost |
| 22:59 | Age | Castle Age |
| 23:03 | Create | Villager (Male) |
| 23:09 | Build | Town Center |
| 23:37 | Build | House |
| 23:44 | Build | House |
| 23:58 | Create | Villager (Male) |
| 24:06 | Build | Town Center |
| 24:17 | Build | House |
| 24:19 | Build | House |
| 24:38 | Create | Villager (Male) |
| 24:41 | Research | Wheelbarrow |
| 24:49 | Build | Siege Workshop |
| 24:49 | Create | Villager (Male) |
| 24:50 | Create | Villager (Male) |
| 24:50 | Create | Villager (Male) |
| 24:51 | Create | Villager (Male) |
| 24:51 | Create | Villager (Male) |
| 24:51 | Create | Villager (Male) |
| 24:51 | Create | Villager (Male) |
| 24:51 | Create | Villager (Male) |
| 24:52 | Create | Villager (Male) |
| 25:12 | Research | Bow Saw |
| 25:12 | Research | Bow Saw |
| 25:13 | Create | Villager (Male) |
| 25:13 | Create | Villager (Male) |
| 25:13 | Create | Villager (Male) |
| 25:13 | Create | Villager (Male) |
| 25:14 | Create | Villager (Male) |
| 25:14 | Create | Villager (Male) |
| 25:32 | Build | Outpost |
| 25:53 | Create | Fire Lancer |
| 25:54 | Create | Fire Lancer |
| 25:54 | Create | Fire Lancer |
| 26:00 | Create | Scorpion |
| 26:08 | Create | Villager (Male) |
| 26:08 | Create | Villager (Male) |
| 26:09 | Create | Villager (Male) |
| 26:09 | Create | Villager (Male) |
| 26:12 | Build | Farm |
| 26:14 | Build | Farm |
| 26:40 | Build | Farm |
Build order — Paladin Celta
First 150 of 465 actions detected
| 0:02 | Create | Villager (Male) |
| 0:02 | Create | Villager (Male) |
| 0:03 | Create | Villager (Male) |
| 0:03 | Create | Villager (Male) |
| 0:03 | Create | Villager (Male) |
| 0:05 | Build | House |
| 0:07 | Build | House |
| 1:28 | Create | Villager (Male) |
| 1:28 | Create | Villager (Male) |
| 2:07 | Build | Lumber Camp |
| 2:08 | Create | Villager (Male) |
| 2:17 | Create | Villager (Male) |
| 2:48 | Create | Villager (Male) |
| 3:16 | Create | Villager (Male) |
| 3:40 | Create | Villager (Male) |
| 3:41 | Create | Villager (Male) |
| 3:41 | Create | Villager (Male) |
| 3:51 | Build | House |
| 4:12 | Create | Villager (Male) |
| 4:12 | Create | Villager (Male) |
| 4:13 | Create | Villager (Male) |
| 4:39 | Create | Villager (Male) |
| 4:42 | Create | Villager (Male) |
| 4:42 | Create | Villager (Male) |
| 4:55 | Create | Villager (Male) |
| 5:23 | Create | Villager (Male) |
| 5:23 | Create | Villager (Male) |
| 5:24 | Create | Villager (Male) |
| 5:52 | Build | Mill |
| 6:46 | Research | Feudal Age |
| 6:47 | Research | Feudal Age |
| 7:55 | Build | House |
| 8:56 | Age | Feudal Age |
| 8:59 | Create | Villager (Male) |
| 8:59 | Create | Villager (Male) |
| 9:00 | Research | Double-Bit Axe |
| 9:02 | Research | Horse Collar |
| 9:08 | Build | Town Center |
| 9:35 | Create | Villager (Male) |
| 10:05 | Build | Farm |
| 10:11 | Build | Farm |
| 10:12 | Create | Villager (Male) |
| 10:34 | Build | House |
| 10:37 | Create | Villager (Male) |
| 10:42 | Build | Farm |
| 10:49 | Create | Villager (Male) |
| 10:49 | Create | Villager (Male) |
| 11:03 | Create | Villager (Male) |
| 11:11 | Build | Farm |
| 11:17 | Build | Farm |
| 11:23 | Build | House |
| 11:25 | Create | Villager (Male) |
| 11:26 | Create | Villager (Male) |
| 11:41 | Build | Farm |
| 11:42 | Create | Villager (Male) |
| 11:44 | Build | Farm |
| 11:56 | Create | Villager (Male) |
| 11:59 | Build | House |
| 12:04 | Create | Villager (Male) |
| 12:06 | Build | Farm |
| 12:16 | Build | Farm |
| 12:30 | Build | House |
| 12:31 | Create | Villager (Male) |
| 12:34 | Build | Farm |
| 12:41 | Create | Villager (Male) |
| 12:41 | Create | Villager (Male) |
| 12:45 | Create | Villager (Male) |
| 13:00 | Create | Villager (Male) |
| 13:02 | Build | House |
| 13:05 | Build | Farm |
| 13:19 | Create | Villager (Male) |
| 13:19 | Create | Villager (Male) |
| 13:19 | Create | Villager (Male) |
| 13:22 | Build | Farm |
| 13:25 | Build | Farm |
| 13:29 | Build | Farm |
| 13:30 | Create | Villager (Male) |
| 13:32 | Build | House |
| 13:43 | Create | Villager (Male) |
| 13:51 | Build | Farm |
| 13:52 | Create | Villager (Male) |
| 14:05 | Create | Villager (Male) |
| 14:21 | Create | Villager (Male) |
| 14:24 | Build | Blacksmith |
| 14:27 | Create | Villager (Male) |
| 14:30 | Build | Farm |
| 14:36 | Build | Mining Camp |
| 14:41 | Build | Farm |
| 14:46 | Build | Farm |
| 14:51 | Build | Farm |
| 14:53 | Create | Villager (Male) |
| 15:12 | Create | Villager (Male) |
| 15:21 | Create | Villager (Male) |
| 15:23 | Build | Farm |
| 15:27 | Create | Villager (Male) |
| 15:30 | Build | Market |
| 15:34 | Build | Farm |
| 15:35 | Create | Villager (Male) |
| 15:41 | Create | Villager (Male) |
| 15:44 | Build | Farm |
| 15:47 | Build | Farm |
| 15:51 | Create | Villager (Male) |
| 15:57 | Build | Farm |
| 16:32 | Create | Villager (Male) |
| 16:35 | Build | Farm |
| 16:36 | Create | Villager (Male) |
| 16:41 | Create | Villager (Male) |
| 16:50 | Build | Farm |
| 16:52 | Build | Farm |
| 16:55 | Build | Farm |
| 16:58 | Build | Farm |
| 17:01 | Create | Villager (Male) |
| 17:04 | Build | Barracks |
| 17:13 | Create | Villager (Male) |
| 17:28 | Research | Castle Age |
| 17:29 | Create | Villager (Male) |
| 17:49 | Build | House |
| 18:00 | Build | Stable |
| 18:02 | Build | Stable |
| 18:03 | Build | Stable |
| 18:07 | Create | Villager (Male) |
| 18:08 | Create | Villager (Male) |
| 18:15 | Build | Mining Camp |
| 18:25 | Research | Scale Barding Armor |
| 18:25 | Research | Scale Barding Armor |
| 18:42 | Build | Farm |
| 18:48 | Build | Stable |
| 18:51 | Create | Villager (Male) |
| 18:54 | Build | House |
| 18:56 | Build | House |
| 18:59 | Research | Bloodlines |
| 19:27 | Build | House |
| 19:30 | Build | Farm |
| 19:33 | Build | Farm |
| 19:37 | Build | House |
| 19:49 | Research | Gold Mining |
| 19:57 | Create | Villager (Male) |
| 19:57 | Create | Villager (Male) |
| 20:11 | Age | Castle Age |
| 20:15 | Create | Knight ×4 |
| 20:16 | Create | Knight ×4 |
| 20:27 | Create | Villager (Male) |
| 20:27 | Create | Villager (Male) |
| 20:29 | Build | House |
| 20:31 | Create | Villager (Male) |
| 20:38 | Research | Chain Barding Armor |
| 20:38 | Research | Chain Barding Armor |
| 20:40 | Create | Villager (Male) |
| 20:42 | Research | Bow Saw |
| 20:46 | Build | Farm |
Match timeline
| 8:29 | CTM | Que paso perrito? · age_up feudal |
| 8:42 | CTM | Que paso perrito? · wall_segment Palisade Wall x1 |
| 8:43 | CTM | Que paso perrito? · wall_segment Palisade Wall x1 |
| 8:45 | CTM | Que paso perrito? · wall_segment Palisade Wall x1 |
| 8:48 | CTM | Que paso perrito? · wall_segment Palisade Wall x1 |
| 8:56 | Paladin Celta · age_up feudal |
| 9:08 | CTM | Que paso perrito? · wall_segment Palisade Wall x1 |
| 9:08 | CTM | Que paso perrito? · wall_segment Palisade Wall x1 |
| 9:25 | PSX | King · age_up feudal |
| 10:01 | Pat Morita · age_up feudal |
| 10:16 | CTM | Franco* · age_up feudal |
| 10:23 | Don Tani · age_up feudal |
| 11:17 | CTM | Benja FC · age_up feudal |
| 11:29 | Julio Argentino Roca · age_up feudal |
| 12:52 | Pat Morita · wall_segment Palisade Wall x4 |
| 13:06 | Pat Morita · first_building Barracks |
| 14:29 | CTM | Benja FC · age_up castle |
| 14:40 | Don Tani · first_building Barracks |
| 15:13 | CTM | Franco* · age_up castle |
| 15:17 | CTM | Franco* · first_building Monastery |
| 15:31 | Don Tani · age_up castle |
| 15:47 | Don Tani · first_building Stable |
| 16:29 | Julio Argentino Roca · first_market_buy 100 food |
| 16:43 | Don Tani · first_building Monastery |
| 17:04 | Paladin Celta · first_building Barracks |
| 18:00 | Paladin Celta · first_building Stable |
| 18:11 | PSX | King · first_market_sell 100 stone |
| 18:13 | Pat Morita · first_market_sell 500 wood |
| 18:14 | Pat Morita · first_market_buy 500 food |
| 18:57 | Pat Morita · wall_segment Stone Wall x1 |
| 19:11 | Julio Argentino Roca · age_up castle |
| 19:26 | Julio Argentino Roca · first_building Castle |
| 19:55 | PSX | King · wall_segment Palisade Wall x1 |
| 19:56 | PSX | King · wall_segment Palisade Wall x1 |
| 19:59 | PSX | King · wall_segment Palisade Wall x1 |
| 20:02 | PSX | King · wall_segment Palisade Wall x1 |
| 20:10 | Julio Argentino Roca · wall_segment Stone Wall x2 |
| 20:11 | Paladin Celta · age_up castle |
| 20:20 | PSX | King · wall_segment Palisade Wall x1 |
| 20:20 | CTM | Franco* · first_market_buy 100 food |
| 20:21 | PSX | King · wall_segment Palisade Wall x1 |
| 20:55 | PSX | King · age_up castle |
| 21:00 | Paladin Celta · first_market_sell 100 food |
| 21:14 | Julio Argentino Roca · first_building Siege Workshop |
| 22:00 | PSX | King · first_building Siege Workshop |
| 22:15 | CTM | Que paso perrito? · age_up castle |
| 22:31 | PSX | King · first_market_buy 100 food |
| 22:51 | CTM | Benja FC · first_building Castle |
| 22:59 | Pat Morita · age_up castle |
| 23:21 | Paladin Celta · first_market_buy 100 wood |
| 24:40 | CTM | Franco* · first_building Castle |
| 24:41 | PSX | King · first_building Castle |
| 24:49 | Pat Morita · first_building Siege Workshop |
| 25:43 | CTM | Que paso perrito? · first_building Siege Workshop |
| 25:59 | Paladin Celta · tribute_sent a jugador 1 |
| 25:59 | Paladin Celta · tribute_sent a jugador 2 |
| 25:59 | Paladin Celta · tribute_sent a jugador 3 |
| 25:59 | Paladin Celta · tribute_sent a jugador 4 |
| 25:59 | Paladin Celta · tribute_sent a jugador 5 |
| 25:59 | Paladin Celta · tribute_sent a jugador 6 |
| 25:59 | Paladin Celta · tribute_sent a jugador 7 |
| 26:03 | CTM | Que paso perrito? · first_building Castle |
| 26:33 | Paladin Celta · first_building Monastery |
| 26:50 | Paladin Celta · tribute_sent a jugador 1 |
| 26:50 | Paladin Celta · tribute_sent a jugador 2 |
| 26:50 | Paladin Celta · tribute_sent a jugador 3 |
| 26:50 | Paladin Celta · tribute_sent a jugador 4 |
| 26:50 | Paladin Celta · tribute_sent a jugador 5 |
| 26:50 | Paladin Celta · tribute_sent a jugador 6 |
| 26:50 | Paladin Celta · tribute_sent a jugador 7 |
| 27:30 | CTM | Benja FC · first_market_buy 100 stone |
| 28:00 | Pat Morita · first_building Castle |
| 28:58 | CTM | Benja FC · age_up imperial |
| 29:16 | CTM | Benja FC · first_building Siege Workshop |
| 29:19 | PSX | King · first_building Barracks |
| 30:34 | CTM | Franco* · first_building Siege Workshop |
| 30:44 | Julio Argentino Roca · age_up imperial |
| 31:00 | Don Tani · tribute_sent a jugador 1 |
| 31:00 | Don Tani · tribute_sent a jugador 3 |
| 31:00 | Don Tani · tribute_sent a jugador 4 |
| 31:00 | Don Tani · tribute_sent a jugador 5 |
| 31:00 | Don Tani · tribute_sent a jugador 6 |
| 31:00 | Don Tani · tribute_sent a jugador 7 |
| 31:00 | Don Tani · tribute_sent a jugador 8 |
| 31:18 | Paladin Celta · age_up imperial |
| 31:55 | CTM | Benja FC · first_building Stable |
| 32:07 | CTM | Que paso perrito? · first_building Barracks |
| 32:12 | Paladin Celta · first_building Castle |
| 32:30 | CTM | Que paso perrito? · first_building Stable |
| 32:35 | CTM | Franco* · wall_segment Stone Wall x4 |
| 32:37 | Don Tani · tribute_sent a jugador 1 |
| 32:37 | Don Tani · tribute_sent a jugador 3 |
| 32:37 | Don Tani · tribute_sent a jugador 4 |
| 32:37 | Don Tani · tribute_sent a jugador 5 |
| 32:37 | Don Tani · tribute_sent a jugador 6 |
| 32:37 | Don Tani · tribute_sent a jugador 7 |
| 32:37 | Don Tani · tribute_sent a jugador 8 |
| 32:41 | Don Tani · age_up imperial |
| 32:50 | CTM | Franco* · age_up imperial |
| 32:59 | CTM | Que paso perrito? · first_market_sell 100 wood |
| 33:02 | Don Tani · first_building Castle |
| 33:22 | Don Tani · first_market_sell 500 wood |
| 33:31 | CTM | Benja FC · first_market_sell 100 food |
| 34:13 | Pat Morita · age_up imperial |
| 35:07 | CTM | Que paso perrito? · wall_segment Palisade Wall x1 |
| 35:09 | CTM | Que paso perrito? · wall_segment Palisade Wall x1 |
| 35:20 | CTM | Que paso perrito? · wall_segment Palisade Wall x1 |
| 35:22 | CTM | Que paso perrito? · wall_segment Palisade Wall x1 |
| 35:26 | CTM | Que paso perrito? · wall_segment Palisade Wall x1 |
| 36:16 | CTM | Que paso perrito? · age_up imperial |
| 37:12 | CTM | Franco* · wall_segment Stone Wall x7 |
| 37:43 | CTM | Benja FC · first_building Monastery |
| 39:00 | CTM | Franco* · wall_segment Stone Wall x8 |
| 39:26 | Don Tani · first_market_buy 100 wood |
| 39:50 | PSX | King · wall_segment Stone Wall x5 |
| 39:53 | PSX | King · wall_segment Stone Wall x11 |
| 40:00 | CTM | Benja FC · tribute_sent a jugador 1 |
| 40:00 | CTM | Benja FC · tribute_sent a jugador 2 |
| 40:00 | CTM | Benja FC · tribute_sent a jugador 3 |
| 40:00 | CTM | Benja FC · tribute_sent a jugador 4 |
| 40:00 | CTM | Benja FC · tribute_sent a jugador 6 |
| 40:00 | CTM | Benja FC · tribute_sent a jugador 7 |
| 40:00 | CTM | Benja FC · tribute_sent a jugador 8 |
| 40:01 | CTM | Franco* · tribute_sent a jugador 2 |
| 40:01 | CTM | Franco* · tribute_sent a jugador 3 |
| 40:01 | CTM | Franco* · tribute_sent a jugador 4 |
| 40:01 | CTM | Franco* · tribute_sent a jugador 5 |
| 40:01 | CTM | Franco* · tribute_sent a jugador 6 |
| 40:01 | CTM | Franco* · tribute_sent a jugador 7 |
| 40:01 | CTM | Franco* · tribute_sent a jugador 8 |
| 41:05 | CTM | Benja FC · tribute_sent a jugador 1 |
| 41:05 | CTM | Benja FC · tribute_sent a jugador 2 |
| 41:05 | CTM | Benja FC · tribute_sent a jugador 3 |
| 41:05 | CTM | Benja FC · tribute_sent a jugador 4 |
| 41:05 | CTM | Benja FC · tribute_sent a jugador 6 |
| 41:05 | CTM | Benja FC · tribute_sent a jugador 7 |
| 41:05 | CTM | Benja FC · tribute_sent a jugador 8 |
| 41:12 | PSX | King · wall_segment Stone Wall x1 |
| 41:20 | PSX | King · age_up imperial |
| 41:36 | CTM | Benja FC · tribute_sent a jugador 1 |
| 41:36 | CTM | Benja FC · tribute_sent a jugador 2 |
| 41:36 | CTM | Benja FC · tribute_sent a jugador 3 |
| 41:36 | CTM | Benja FC · tribute_sent a jugador 4 |
| 41:36 | CTM | Benja FC · tribute_sent a jugador 6 |
| 41:36 | CTM | Benja FC · tribute_sent a jugador 7 |
| 41:36 | CTM | Benja FC · tribute_sent a jugador 8 |
| 42:33 | CTM | Que paso perrito? · first_market_buy 100 stone |
| 43:46 | CTM | Benja FC · tribute_sent a jugador 1 |
| 43:46 | CTM | Benja FC · tribute_sent a jugador 2 |
| 43:46 | CTM | Benja FC · tribute_sent a jugador 3 |
| 43:46 | CTM | Benja FC · tribute_sent a jugador 4 |
| 43:46 | CTM | Benja FC · tribute_sent a jugador 6 |
| 43:46 | CTM | Benja FC · tribute_sent a jugador 7 |
| 43:46 | CTM | Benja FC · tribute_sent a jugador 8 |
| 44:30 | CTM | Franco* · first_building Barracks |
| 44:43 | Julio Argentino Roca · first_building Barracks |
| 45:46 | CTM | Franco* · wall_segment Stone Wall x8 |
| 46:02 | CTM | Franco* · wall_segment Stone Wall x1 |
| 46:05 | Pat Morita · tribute_sent a jugador 1 |
| 46:05 | Pat Morita · tribute_sent a jugador 2 |
| 46:05 | Pat Morita · tribute_sent a jugador 3 |
| 46:05 | Pat Morita · tribute_sent a jugador 4 |
| 46:05 | Pat Morita · tribute_sent a jugador 5 |
| 46:05 | Pat Morita · tribute_sent a jugador 7 |
| 46:05 | Pat Morita · tribute_sent a jugador 8 |
| 46:10 | Paladin Celta · tribute_sent a jugador 1 |
| 46:10 | Paladin Celta · tribute_sent a jugador 2 |
| 46:10 | Paladin Celta · tribute_sent a jugador 3 |
| 46:10 | Paladin Celta · tribute_sent a jugador 4 |
| 46:10 | Paladin Celta · tribute_sent a jugador 5 |
| 46:10 | Paladin Celta · tribute_sent a jugador 6 |
| 46:10 | Paladin Celta · tribute_sent a jugador 7 |
| 47:13 | Paladin Celta · tribute_sent a jugador 1 |
| 47:13 | Paladin Celta · tribute_sent a jugador 2 |
| 47:13 | Paladin Celta · tribute_sent a jugador 3 |
| 47:13 | Paladin Celta · tribute_sent a jugador 4 |
| 47:13 | Paladin Celta · tribute_sent a jugador 5 |
| 47:13 | Paladin Celta · tribute_sent a jugador 6 |
| 47:13 | Paladin Celta · tribute_sent a jugador 7 |
| 47:30 | CTM | Franco* · wall_segment Stone Wall x6 |
| 47:34 | Julio Argentino Roca · first_building Archery Range |
| 47:39 | PSX | King · wall_segment Stone Wall x1 |
| 47:42 | PSX | King · wall_segment Stone Wall x1 |
| 47:49 | PSX | King · wall_segment Stone Wall x3 |
| 47:53 | PSX | King · wall_segment Stone Wall x3 |
| 47:54 | PSX | King · wall_segment Stone Wall x3 |
| 47:59 | PSX | King · wall_segment Stone Wall x1 |
| 48:01 | CTM | Franco* · wall_segment Stone Wall x5 |
| 49:46 | CTM | Benja FC · wall_segment Stone Wall x13 |
| 50:34 | Pat Morita · first_building Stable |
| 51:02 | CTM | Que paso perrito? · resign |
[ AI ANALYSIS · 1 CREDIT ]
What really happened in this match?
Wolo.gg analyzes every decision: build order, eco, micro, common mistakes by bracket. Personalized analysis on WhatsApp or Discord in 30 seconds.
Civ guide
Lithuanians
Perfil
CTM | Que paso perrito?